Map: New Repugnancy LE

Players

Jarib

  • Race: Terran Terran
  • League: Gold
  • Spawn Location: 7:00

Mesrob - Winner!

  • Race: Terran Terran
  • League: Platinum
  • Spawn Location: 1:00

VOD

Have the link to the VOD?

Description

Time

  • Played on: July 11, 2019, 10:20 p.m.
  • Length: 15:39
Show
View Real Time Build Order
Export as new Build Order

Jarib Terran 

Build Orders:  

Get SALT Encoding   

  12  0:02  SCV  
  13  0:16  Supply Depot  
  13  0:17  SCV  
  14  0:31  Refinery  
  15  0:41  Barracks  
  15  0:42  SCV  
  15  0:54  SCV  
  15  0:55  Refinery  
  16  1:06  SCV  
  17  1:21  SCV  
  18  1:30  Reaper  
  18  1:32  Supply Depot  
  19  1:33  SCV  
  20  1:41  Factory  
  20  2:03  SCV  
  21  2:36  Starport  
  21  3:00  Factory Tech Lab  
  21  3:01  Marine  
  22  3:07  SCV  
  22  3:10  Command Center  
  23  3:19  Marine, Fusion Core, SCV  
  25  3:36  Cyclone  
  25  3:37  Marine  
  29  3:48  Bunker  
  29  3:52  Starport Tech Lab  
  30  3:58  SCV  
  30  4:14  Orbital Command  
  30  4:18  Supply Depot  
  30  4:20  Marine  
  30  4:22  Siege Tank  
  34  4:29  SCV  
  35  4:49  Battlecruiser  
  41  5:06  Cyclone  
  44  5:07  SCV  
  44  5:12  Refinery, SCV  
  46  5:15  Marine  
  46  5:19  SCV  
  47  5:57  Battlecruiser  
  53  6:52  Marine  
  54  7:05  SCV  
  51  7:10  Marine  
  52  7:17  SCV  
  52  7:18  Siege Tank  
  62  7:36  Marine, SCV  
  58  7:42  Refinery  
  58  7:48  SCV  
  58  7:51  Siege Tank  
  62  8:05  Supply Depot  
  62  8:27  Siege Tank, SCV  
  62  8:28  Supply Depot  
  66  8:39  SCV  
  66  8:40  Supply Depot  
  67  8:43  Engineering Bay  
  67  8:51  SCV  
  68  8:59  Siege Tank  
  68  9:02  Supply Depot  
  70  9:03  SCV  
  68  9:15  SCV  
  63  9:27  Starport  
  63  9:58  Bunker  
  63  10:03  Starport Tech Lab  
  63  10:06  Armory  
  63  10:08  Cyclone  
  63  10:13  Liberator  
  66  10:15  Command Center  
  66  10:24  Barracks Tech Lab  
  66  10:29  Command Center  
  66  10:30  Barracks  
  66  10:33  Bunker  
  66  10:35  Armory  
  69  10:36  SCV  
  69  10:40  Cyclone  
  73  10:45  SCV  
  73  10:49  Fusion Core  
  74  10:58  SCV  
  74  11:04  Bunker  
  75  11:10  SCV  
  76  11:18  Siege Tank  
  79  11:22  SCV  
  80  11:28  Starport  
  80  11:29  Factory  
  80  11:36  Marauder  
  80  11:39  Barracks Reactor  
  82  11:45  Planetary Fortress  
  82  11:57  Marauder  
  84  12:03  Combat Shield  
  84  12:05  Starport Tech Lab  
  84  12:11  Terran Vehicle And Ship Armor Level 1  
  84  12:19  Marauder  
  77  12:33  Planetary Fortress  
  77  12:38  Marine x2  
  77  12:40  Marauder  
  81  12:55  Marine  
  81  12:56  Marine  
  83  13:01  Bunker  
  83  13:02  Marauder  
  83  13:13  Marine  
  83  13:14  Marine  
  85  13:23  Marauder, Battlecruiser  
  85  13:24  Battlecruiser  
  85  13:26  Terran Ship Weapons Level 1  
  99  13:31  Marine  
  99  13:32  Marine  
  101  14:14  Command Center  
  101  14:18  Bunker  
Show
View Real Time Build Order
Export as new Build Order

Mesrob Terran - Winner!

Build Orders: 2 Factory, Reaper Expand 

Get SALT Encoding   

  12  0:00  SCV  
  13  0:12  SCV  
  14  0:17  Supply Depot  
  14  0:25  SCV  
  15  0:38  SCV  
  15  0:40  Barracks  
  16  0:51  SCV  
  16  0:54  Refinery  
  17  1:03  SCV  
  18  1:15  SCV  
  19  1:30  Orbital Command  
  19  1:41  Command Center  
  19  1:44  Reaper  
  20  2:01  SCV  
  20  2:13  SCV  
  21  2:18  Factory  
  21  2:25  Refinery  
  21  2:28  Supply Depot, SCV  
  22  2:41  SCV  
  23  2:59  Orbital Command  
  23  3:03  Factory Reactor  
  23  3:14  Factory  
  23  3:21  Supply Depot, Engineering Bay  
  23  3:27  SCV  
  23  3:31  SCV  
  25  3:39  SCV  
  26  3:43  SCV  
  26  3:45  Hellion x2  
  31  3:51  Refinery  
  31  3:52  SCV  
  32  3:55  SCV  
  32  4:01  Armory  
  32  4:02  Factory Tech Lab  
  33  4:04  SCV  
  33  4:07  Factory  
  33  4:08  SCV  
  35  4:13  Hellion  
  35  4:14  Hellion  
  35  4:16  SCV  
  40  4:18  Supply Depot  
  40  4:20  SCV  
  41  4:28  SCV  
  42  4:31  Cyclone  
  42  4:32  SCV  
  46  4:40  SCV  
  46  4:45  Supply Depot  
  47  4:49  SCV, Armory  
  47  4:52  SCV  
  49  4:53  Factory Tech Lab  
  49  4:55  Hellion x2  
  49  4:58  Terran Vehicle Weapons Level 1  
  53  5:03  Cyclone  
  56  5:16  Refinery  
  56  5:21  SCV  
  56  5:22  Command Center  
  56  5:23  SCV  
  56  5:28  Cyclone  
  61  5:29  Hellion x2  
  61  5:33  SCV  
  66  5:58  Cyclone  
  69  6:06  Supply Depot x2  
  69  6:07  Terran Vehicle And Ship Armor Level 1  
  69  6:08  Supply Depot  
  69  6:09  Supply Depot, SCV  
  70  6:15  Supply Depot  
  70  6:19  SCV  
  70  6:21  Hellion  
  70  6:22  Missile Turret  
  69  6:27  Hellion  
  69  6:29  Cyclone  
  69  6:30  Cyclone  
  70  6:36  SCV x2  
  72  6:48  SCV  
  73  6:55  Terran Vehicle Weapons Level 2  
  73  6:57  Mag-Field Accelerator  
  73  7:01  Cyclone  
  73  7:13  Hellion  
  73  7:14  Hellion, Cyclone  
  77  7:33  Cyclone  
  80  7:37  Orbital Command  
  80  7:39  SCV x2  
  82  7:46  Cyclone  
  89  7:51  Hellion x2, SCV  
  89  7:56  SCV  
  91  8:02  Infernal Pre-Igniter  
  91  8:03  SCV  
  95  8:05  Cyclone  
  95  8:09  SCV  
  96  8:14  Hellion  
  96  8:15  Hellion  
  96  8:16  SCV  
  96  8:18  Cyclone  
  104  8:33  SCV x3  
  107  8:37  Cyclone  
  107  8:38  Refinery  
  110  8:42  Command Center  
  110  8:45  SCV x3  
  110  8:50  Cyclone  
  107  8:57  SCV  
  94  9:09  Hellion x2, Cyclone  
  73  9:17  SCV x2  
  73  9:22  Cyclone  
  73  9:23  Refinery  
  75  9:27  Missile Turret  
  75  9:28  Missile Turret  
  75  9:32  Missile Turret x2  
  75  9:38  Missile Turret  
  75  9:39  Missile Turret x2  
  75  9:40  Missile Turret  
  75  9:42  Missile Turret  
  75  9:43  Missile Turret  
  75  9:45  Missile Turret  
  75  9:47  Cyclone  
  75  9:48  Missile Turret  
  75  9:49  Missile Turret  
  75  9:50  Hellion  
  75  9:52  SCV  
  81  9:53  Missile Turret  
  81  9:54  Cyclone  
  81  9:56  SCV  
  85  10:04  Missile Turret  
  85  10:06  Planetary Fortress  
  85  10:09  SCV  
  85  10:10  Missile Turret x2  
  85  10:13  SCV x2  
  88  10:19  Cyclone  
  88  10:21  SCV  
  92  10:22  Terran Vehicle And Ship Armor Level 2  
  92  10:23  Terran Vehicle Weapons Level 3  
  92  10:25  SCV x2  
  92  10:26  Cyclone  
  92  10:28  Hellion  
  99  10:29  Missile Turret  
  99  10:30  Hellion  
  99  10:33  SCV  
  102  10:37  SCV x2  
  104  10:42  Supply Depot  
  104  10:49  Hellion  
  106  10:51  Cyclone  
  106  10:53  Factory  
  106  10:55  Factory  
  109  10:59  Cyclone  
  107  11:06  Supply Depot  
  107  11:07  Missile Turret  
  102  11:19  Hellion x2  
  102  11:23  Cyclone  
  102  11:25  SCV x3  
  112  11:28  Missile Turret  
  112  11:30  Refinery  
  112  11:31  Cyclone  
  116  11:32  SCV  
  116  11:37  SCV  
  116  11:38  Factory Tech Lab  
  116  11:39  Factory Reactor  
  117  11:41  Hellion x2  
  121  11:49  Missile Turret  
  121  11:55  Cyclone  
  121  11:56  Refinery  
  124  12:03  Cyclone  
  124  12:05  Cyclone  
  124  12:07  Hellion x2  
  134  12:08  Missile Turret  
  134  12:09  Command Center  
  134  12:13  Factory x2  
  134  12:19  Factory  
  134  12:20  Factory  
  134  12:27  Cyclone  
  133  12:30  Missile Turret  
  133  12:38  Cyclone  
  133  12:39  Hellion  
  133  12:40  Hellion x3  
  133  12:41  Cyclone  
  147  12:48  Supply Depot  
  147  12:50  Supply Depot  
  147  12:51  Missile Turret  
  147  12:53  SCV  
  147  12:55  Supply Depot  
  148  13:00  Cyclone  
  148  13:01  Hellion  
  148  13:02  Factory  
  148  13:03  Factory  
  153  13:10  Cyclone  
  150  13:13  Cyclone  
  149  13:27  Factory Reactor  
  149  13:28  Factory Tech Lab x3  
  149  13:32  Cyclone  
  149  13:33  Hellion x4  
  159  13:42  Cyclone  
  159  13:45  Cyclone  
  165  13:50  Factory Reactor  
  165  13:52  Cyclone  
  165  13:53  Cyclone x2  
  165  13:55  Hellion x4  
  182  14:03  Supply Depot  
  182  14:04  Cyclone  
  182  14:06  Supply Depot  
  182  14:08  SCV  
  182  14:09  SCV  
  187  14:14  Cyclone  
  187  14:15  Refinery  
  190  14:17  Factory Tech Lab, Cyclone  
  193  14:30  Supply Depot  
  193  14:33  Supply Depot  
  193  14:39  Cyclone x2  
  197  14:45  Refinery  
  197  14:47  Command Center  
Tags
 
Add a new tag
Caveats
  • Supply blocks, unpowered buildings, or Contaminate may cause inaccurate times.
  • Supply counts are checked every 10 seconds.